 Dungeon Crawl Stone Soup version 0.29-a0-819-g94b489e0ae (webtiles) character file.

Game seed: 17118064166514917029

12063 gobodom the Thaumaturge (level 11, -3/73 HPs)
             Began as a Demonspawn Fire Elementalist on July 7, 2022.
             Slain by a death yak (13 damage)
             ... on level 11 of the Dungeon.
             The game lasted 01:35:28 (12383 turns).

gobodom the Thaumaturge (DsFE)                     Turns: 12383, Time: 01:35:30

Health: -3/73      AC: 22    Str: 16    XL:     11   Next: 57%
Magic:  0/25       EV: 12    Int: 30    God:
Gold:   758        SH:  4    Dex: 12    Spells: 13/30 levels left

rFire   . . .      SeeInvis .   d - +1 quick blade "Dija" {freeze, Str+5}
rCold   . . .      Faith    .   (no shield)
rNeg    . . .      Spirit   +   y - +0 troll leather armour
rPois   .          Reflect  .   g - +0 helmet
rElec   .          Harm     .   j - +2 cloak {Will+}
rCorr   .          Rampage  .   u - +2 pair of gloves
Will    ++...                   w - +2 pair of boots
Stlth   ++........              s - amulet of regeneration
HPRegen 1.82/turn               h - ring of willpower
MPRegen 0.38/turn               B - +6 ring of intelligence

@: very slightly contaminated
A: yellow scales 2, icemail 1, magic shield, magic regeneration, condensation
shield, demonic touch 1, clever 1, strong 1
a: no special abilities


You were on level 11 of the Dungeon.
You visited 2 branches of the dungeon, and saw 12 of its levels.
You also visited: Sewer.

You collected 758 gold pieces.

Inventory:

Hand Weapons
 d - the +1 quick blade "Dija" (weapon) {freeze, Str+5}
   (You acquired it on level 8 of the Dungeon)

   It freezes those it strikes, dealing additional cold damage.
   It can also slow down cold-blooded creatures.
   Str:       It affects your strength (+5).
 l - a +3 dagger of electrocution
 C - a +1 dagger of venom
 W - a +2 dagger of protection
Missiles
 o - 3 throwing nets
 V - 6 poisoned darts
Armour
 a - a +0 robe
 c - +0 acid dragon scales
 g - a +0 helmet (worn)
 j - a +2 cloak of willpower (worn)
 u - a +2 pair of gloves (worn)
 w - a +2 pair of boots (worn)
 y - a +0 troll leather armour (worn)
 I - a +0 leather armour of positive energy
 J - the +0 ring mail of Supple Strength {rN++ Will+ Stlth+}
   (You found it on level 4 of the Dungeon)

   rN:        It greatly protects you from negative energy.
   Will:      It increases your willpower.
   Stlth:     It makes you more stealthy.
 N - quicksilver dragon scales
Magical Staves
 D - a staff of fire
Jewellery
 h - a ring of willpower (left hand)
 n - a +4 ring of protection
 s - an amulet of regeneration (around neck)
 B - a +6 ring of intelligence (right hand)
 K - a +4 ring of protection
 R - a ring of positive energy
 U - a ring of wizardry
 Z - a ring of magical power
Wands
 E - a wand of polymorph (7)
 S - a wand of iceblast (11)
 T - a wand of flame (16)
 Y - a wand of charming (20)
Scrolls
 e - a scroll of blinking
 f - a scroll of immolation
 k - 5 scrolls of teleportation
 m - 2 scrolls of vulnerability
 v - a scroll of fog
 x - a scroll of identify
 H - a scroll of noise
 L - a scroll of silence {unknown}
 M - a scroll of magic mapping
 P - a scroll of summoning
Potions
 b - 2 potions of magic
 i - 2 potions of attraction
 p - a potion of cancellation
 q - a potion of haste
 r - 6 potions of lignification
 t - 2 potions of heal wounds
 z - 2 potions of curing
 A - 3 potions of brilliance
 F - a potion of might
 G - 2 potions of resistance
 O - a potion of degeneration {unknown}
 Q - a potion of berserk rage


   Skills:
 + Level 2.5 Fighting
 + Level 2.2 Short Blades
 + Level 0.4(2.6) Maces & Flails
 + Level 4.2(4.3) Staves
 + Level 3.2 Armour
 + Level 4.0 Dodging
 + Level 3.2 Stealth
 + Level 1.9 Shields
 + Level 10.2 Spellcasting
 + Level 6.0 Conjurations
 + Level 9.2 Fire Magic
 + Level 4.0 Evocations


You had 13 spell levels left.
You knew the following spells:

 Your Spells              Type           Power      Damage    Failure   Level
a - Foxfire               Conj/Fire      100%       2x1d9     1%          1
b - Scorch                Fire           100%       2d10      1%          2
c - Conjure Flame         Conj/Fire      57%        6-21      1%          3
d - Flame Wave            Conj/Fire      57%        2d11      1%          4
e - Passwall              Tmut/Erth      12%        N/A       6%          2
f - Fireball              Conj/Fire      28%        3d12      4%          5

Your spell library contained the following spells:

 Spells                   Type           Power      Damage    Failure   Level
 Magic Dart               Conj           100%       1d8       1%          1
 Inner Flame              Hex/Fire       42%        N/A       1%          3
 Ensorcelled Hibernation  Hex/Ice        30%        N/A       6%          2
 Swiftness                Air            15%        N/A       12%         3
 Animate Armour           Summ/Erth      30%        N/A       38%         4
 Blade Hands              Tmut           7%         N/A       73%         5
 Silence                  Hex/Air        7%         N/A       75%         5
 Iron Shot                Conj/Erth      16%        9d4       87%         6


Dungeon Overview and Level Annotations

Branches:
Dungeon (11/15)            Temple (1/1) D:6           Sewer (visited)
   Lair: D:8-11         Orc: D:9-12

Altars:
Ashenzari
Cheibriados
Dithmenos
Fedhas
Gozag
Hepliaklqana
Kikubaaqudgha
Makhleb
Nemelex Xobeh
Okawaru
Qazlal
Ru
Sif Muna
Trog
Uskayaw
Vehumet
Wu Jian
Xom
Yredelemnul

Shops:
D:6 !:

Portals:
Abyss: D:9

Annotations:
D:9 2 transporters, buhh's ghost, journeyman OpTm


Innate Abilities, Weirdness & Mutations

You are mostly covered in yellow scales. (AC +3)
A meltable icy envelope protects you from harm. (AC +4)
When hurt, damage is shared between your health and your magic reserves.
You regenerate magic rapidly.
A meltable shield of frost defends you. (SH +4)
Your touch may inflict minor irresistible damage on your foes.
Your mind is acute. (Int +4, Str/Dex -1)
Your muscles are strong. (Str +4, Int/Dex -1)


Message History

The death yak is severely wounded.
The flame wave engulfs the gnoll sergeant!
The gnoll sergeant is severely wounded.
The flame wave engulfs the death yak!
The death yak is heavily wounded.
The flame wave engulfs the gnoll!
You kill the gnoll!
You finish channelling waves of flame.
The death yak gores you but does no damage.
You block the gnoll sergeant's attack.
The death yak gores you but does no damage. x2
You block the death yak's attack.
The death yak gores you but does no damage.
A red ugly thing comes into view.
Casting: Flame Wave (dangerous; 1% risk of failure)
Confirm with . or Enter, or press ? or * to list all spells.
You don't have enough magic to cast this spell.
You feel much better. The death yak closely misses you.
The gnoll sergeant hits you but does no damage.
The death yak barely misses you. You block the death yak's attack.
The death yak gores you!
The death yak gores you but does no damage.
Magic courses through your body. The death yak gores you!
* * * LOW HITPOINT WARNING * * *
The death yak gores you!
* * * LOW HITPOINT WARNING * * *
You block the gnoll sergeant's attack. The death yak closely misses you.
The death yak gores you but does no damage.
The death yak gores you!
* * * LOW HITPOINT WARNING * * *
You feel much better.
The gnoll sergeant completely misses you.
The death yak gores you but does no damage.
The death yak gores you!
* * * LOW HITPOINT WARNING * * *
The death yak gores you but does no damage.
The death yak gores you.
* * * LOW HITPOINT WARNING * * *
The death yak gores you!
You die... .. .## .. #.. .? #y# .##y# . .#g# ### #.. gg#

#....
.....##Y#......
.....YY@.u#
......YYY......
#.......#######
..##..... .
...#..#
#####... #...
#..!


You could see 6 death yaks, a red ugly thing, a gnoll sergeant, 2 killer bees
and 2 gnolls.

Vanquished Creatures
  2 two-headed ogres
  The ghost of frimble the Trooper, a novice MiMo of Okawaru (D:5)
  A deep elf pyromancer (D:7)
  Maurice (D:9)
  Joseph (D:7)
  An ice statue (D:10)
  A gargoyle (D:10)
  2 trolls (D:10)
  6 humans (D:8)
  12 yaks
  Edmund (D:4)
  A steam dragon (D:9)
  2 acid dragons
  2 water moccasins
  3 orc warriors
  2 ice beasts
  5 black bears
  3 sky beasts
  An ogre (D:4)
  2 centaurs (D:9)
  5 kobold brigands
  2 gnoll sergeants (D:8)
  A necrophage (D:5)
  4 bullfrogs
  2 scorpions
  8 wights
  A killer bee (D:11)
  3 howler monkeys
  8 hounds
  6 orc priests
  A jelly (D:8)
  3 gnoll boudas
  3 iguanas (D:5)
  15 orc wizards
  Ijyb (D:8)
  26 gnolls
  13 adders
  3 river rats
  A shadow imp (D:8)
  An ufetubus (D:5)
  4 worms (D:3)
  4 dart slugs
  23 orcs
  16 bats
  9 endoplasms
  4 giant cockroaches
  9 hobgoblins
  5 jackals
  27 kobolds
  A quokka (D:2)
  24 ball pythons
  5 frilled lizards
  8 goblins
  28 rats
324 creatures vanquished.

Vanquished Creatures (collateral kills)
  Harold (D:9)
  7 foxfires
8 creatures vanquished.

Vanquished Creatures (others)
  895 foxfires
  3 fungi (D:5)
  2 plants
900 creatures vanquished.

Grand Total: 1232 creatures vanquished

Notes
Turn   | Place    | Note
-------+----------+-------------------------------------------
     0 | D:1      | gobodom the Demonspawn Fire Elementalist began the quest
                  | for the Orb.
     0 | D:1      | Reached XP level 1. HP: 13/13 MP: 3/3
   495 | D:1      | Gained mutation: A meltable shield of frost defends you.
                  | (SH +4) [demonic ancestry]
   495 | D:1      | Reached XP level 2. HP: 19/19 MP: 1/5
   942 | D:1      | Reached XP level 3. HP: 24/24 MP: 2/6
  1107 | D:2      | Learned a level 2 spell: Scorch
  1654 | D:2      | Gained mutation: You are partially covered in yellow
                  | scales. (AC +2) [demonic ancestry]
  1654 | D:2      | Reached XP level 4. HP: 30/30 MP: 3/8
  1724 | D:2      | Reached skill level 3 in Spellcasting
  2385 | D:3      | Gained mutation: You regenerate magic rapidly. [demonic
                  | ancestry]
  2385 | D:3      | Reached XP level 5. HP: 6/35 MP: 0/10
  2774 | D:3      | Found a glowing drain.
  2784 | Sewer    | Entered a sewer
  2808 | Sewer    | Gained mutation: You have hidden genetic potential. [potion
                  | of mutation]
  3048 | Sewer    | Gained mutation: You are mostly covered in yellow scales.
                  | (AC +3) [demonic ancestry]
  3048 | Sewer    | Reached XP level 6. HP: 42/42 MP: 8/11
  3055 | Sewer    | Reached skill level 4 in Spellcasting
  3056 | Sewer    | Gained mutation: Your mind is acute. (Int +4, Str/Dex -1)
                  | [hidden potential]
  3378 | D:3      | Reached skill level 1 in Short Blades
  3378 | D:3      | Gained mutation: A meltable icy envelope protects you from
                  | harm. (AC +4) [demonic ancestry]
  3378 | D:3      | Reached XP level 7. HP: 47/47 MP: 9/13
  3622 | D:4      | Noticed Edmund
  3673 | D:4      | Killed Edmund
  3674 | D:4      | Reached skill level 5 in Fire Magic
  3870 | D:4      | Reached skill level 1 in Staves
  3870 | D:4      | Reached skill level 1 in Evocations
  4025 | D:4      | Reached skill level 5 in Spellcasting
  4377 | D:4      | Reached skill level 1 in Shields
  4377 | D:4      | Gained mutation: Your touch may inflict minor irresistible
                  | damage on your foes. [demonic ancestry]
  4377 | D:4      | Reached XP level 8. HP: 53/53 MP: 9/15
  4530 | D:4      | Identified the +0 ring mail of Supple Strength {rN++ Will+
                  | Stlth+}
  4882 | D:4      | Found a sacrificial altar of Ru.
  5025 | D:5      | Entered Level 5 of the Dungeon
  5036 | D:5      | Gained mutation: Your muscles are strong. (Str +4, Int/Dex
                  | -1) [hidden potential]
  5036 | D:5      | Lost mutation: You have hidden genetic potential. [hidden
                  | potential expressed]
  5304 | D:5      | Reached skill level 1 in Fighting
  5321 | D:5      | Reached skill level 1 in Armour
  5421 | D:5      | Found a runed translucent gate.
  5421 | D:5      | Found a runed translucent gate.
  5421 | D:5      | Noticed frimble's ghost (novice MiMo)
  5423 | D:5      | Found a runed translucent gate.
  5739 | D:6      | Reached skill level 6 in Spellcasting
  5793 | D:6      | Found a burning altar of Makhleb.
  5803 | D:6      | Found a staircase to the Ecumenical Temple.
  5809 | Temple   | Entered the Ecumenical Temple
  5890 | D:6      | Gained mutation: When hurt, damage is shared between your
                  | health and your magic reserves. [demonic ancestry]
  5890 | D:6      | Reached XP level 9. HP: 59/59 MP: 11/18
  6021 | D:6      | Found Ettuih's Book Shoppe.
  6028 | D:6      | Learned a level 3 spell: Conjure Flame
  6421 | D:6      | Found Rablac's Distillery.
  6569 | D:7      | Noticed a deep elf pyromancer
  6935 | D:7      | Noticed Joseph
  6986 | D:7      | Reached skill level 7 in Spellcasting
  7183 | D:7      | Killed Joseph
  7191 | D:7      | Found a radiant altar of Vehumet.
  7373 | D:7      | Killed a deep elf pyromancer
  7374 | D:7      | Reached XP level 10. HP: 64/66 MP: 10/21
  7457 | D:7      | Found an iron altar of Okawaru.
  7518 | D:7      | Found a snail-covered altar of Cheibriados.
  7598 | D:8      | Found a shimmering altar of Xom.
  7649 | D:8      | Noticed Ijyb
  7670 | D:8      | Reached skill level 8 in Spellcasting
  7702 | D:8      | Killed Ijyb
  7996 | D:8      | Reached skill level 5 in Conjurations
  8176 | D:8      | Found a shimmering blue altar of Sif Muna.
  8418 | D:8      | Found a basalt altar of Yredelemnul.
  8433 | D:8      | Reached skill level 9 in Spellcasting
  8462 | D:8      | Identified 2 scrolls of acquirement
  8462 | D:8      | Acquired the Atlas of the Destructive Storm
  8469 | D:8      | Learned a level 4 spell: Flame Wave
  8678 | D:8      | Acquired the +1 quick blade "Dija" {freeze, Str+5}
  8891 | D:8      | Learned a level 2 spell: Passwall
  8905 | D:9      | Found a one-way gate to the infinite horrors of the Abyss.
  8905 | D:9      | Noticed buhh's ghost (journeyman OpTm)
  8913 | D:9      | Found a transporter.
  8981 | D:9      | Found a hide-covered altar of Uskayaw.
  9022 | D:9      | Noticed Harold
  9025 | D:9      | Noticed a thrashing horror
  9035 | D:9      | Killed Harold
  9042 | D:9      | Noticed a skeletal warrior
  9043 | D:9      | Noticed a toenail golem
  9107 | D:9      | Found a transporter.
  9123 | D:9      | Noticed a two-headed ogre
  9136 | D:9      | HP: 3/67 [two-headed ogre/+0 giant spiked club (4)]
  9137 | D:9      | Killed a two-headed ogre
  9138 | D:9      | Reached XP level 11. HP: 4/72 MP: 0/24
  9605 | D:9      | Noticed Maurice
  9620 | D:9      | Killed Maurice
  9754 | D:9      | Found a shadowy altar of Dithmenos.
  9947 | D:10     | Entered Level 10 of the Dungeon
 10114 | D:9      | Learned a level 5 spell: Fireball
 10194 | D:10     | Noticed a two-headed ogre
 10198 | D:10     | Killed a two-headed ogre
 10637 | D:10     | Reached skill level 10 in Spellcasting
 11993 | D:5      | Killed frimble's ghost
 12299 | D:11     | Noticed a death yak
 12299 | D:11     | Noticed a death yak
 12300 | D:11     | Noticed a death yak
 12301 | D:11     | Noticed a death yak
 12303 | D:11     | Noticed a death yak
 12372 | D:11     | Noticed a death yak
 12380 | D:11     | Noticed a red ugly thing
 12382 | D:11     | HP: 3/73 [death yak (5)]
 12383 | D:11     | Slain by a death yak

Illustrated notes

Levels and vault maps discovered:
D:1:      roderic_crop_circles_arrival_small, layout_rooms,
          hangedman_abyss_or_decor_lesser_grid, minmay_tetromino_s4
D:2:      minmay_chambers_of_ones, layout_loops_ring
D:3:      layout_rooms, portal_sewer_entry_e
D:4:      layout_layer_cave, tso_metal_star, kennysheep_little_box, uniq_edmund
D:5:      nicolae_cairo_tiling_large, layout_cave_pools,
          gammafunk_ghost_nasty_kobolds
D:6:      layout_cave_pools, mainiacjoe_overflow_tiny_flanked,
          minmay_temple_entry_hall, serial_shops, kennysheep_mini_moat,
          nicolae_shop_statue_plus
D:7:      layout_cave_pods, nicolae_vehumet_radiance, okawaru_trees_2,
          kennysheep_mini, enter_bailey_2, serial_co_window_serial,
          co_window_of_opportunity_a, co_window_paths_a, co_window_paths_a,
          co_window_of_opportunity_a, co_window_corner_a, co_window_corner_b,
          co_window_2corner, co_window_broadway_b, co_window_unsneaky_path_b,
          glass_columns_b, glass_columns_b, glass_columns_b, uniq_joseph
D:8:      erik_cavepeople, layout_basic, mainiacjoe_overflow_cross_hatched,
          led_sif_book, old_standard_altar
D:9:      layout_roguey, general_overflow_altar, mainiacjoe_overflow_alcove_1,
          zin_academy, gammafunk_ghost_abyssal_escape, roderic_serpentine_path,
          roderic_batcave, uniq_maurice, uniq_harold
D:10:     layout_stronghold, minivault_16
D:11:     layout_rooms, dpeg_lair_monsters, zombieorc2_lemuel,
          nzn_sisyphean_effort
Temple:   nicolae_temple_ecumenical_triangle

Skill      XL: |  1  2  3  4  5  6  7  8  9 10 11 |
---------------+----------------------------------+-----
Fire Magic     | 3 4 5 6 7 8 9 |  9.2
Dodging        | 2 3 4 |  4.0
Spellcasting   | 3 4 5 6 7 9 10 | 10.2
Conjurations   | 2 3 4 5 6 |  6.0
Stealth        | 2 3 |  3.2
Short Blades   | 1 2 |  2.2
Staves         | 1 3 4 |  4.2
Evocations     | 1 3 4 |  4.0
Shields        | 1 |  1.9
Fighting       | 1 2 |  2.5
Armour         | 1 2 3 |  3.2
Maces & Flails | |  0.4

Action                   |  1- 3 |  4- 6 |  7- 9 | 10-12 || total
-------------------------+-------+-------+-------+-------++-------
Melee: Unarmed           |    17 |       |       |       ||    17
       Whip              |     9 |       |       |       ||     9
       Dagger            |     3 |    47 |       |       ||    50
       Staff             |       |       |    28 |   106 ||   134
       Touch             |       |       |     5 |    50 ||    55
       Quick blade       |       |       |       |   128 ||   128
       Punch             |       |       |       |     2 ||     2
Throw: Throwing net      |       |       |       |     1 ||     1
 Cast: Foxfire           |    33 |   116 |   266 |   129 ||   544
       Scorch            |    13 |    26 |    32 |    82 ||   153
       Conjure Flame     |       |       |     7 |     4 ||    11
       Flame Wave        |       |       |       |    18 ||    18
       Passwall          |       |       |       |     1 ||     1
       Fireball          |       |       |       |    17 ||    17
  Use: Scroll            |     2 |     2 |     3 |    17 ||    24
       Potion            |     1 |     2 |     1 |     6 ||    10
 Stab: Sleeping          |       |       |       |     2 ||     2
Armor: Robe              |    11 |    26 |    14 |       ||    51
       Leather armour    |       |       |    27 |       ||    27
       Ring mail         |       |       |    14 |   140 ||   154
       Troll leather arm |       |       |       |    26 ||    26
Dodge: Dodged            |    20 |    42 |    51 |   175 ||   288
Block: Other             |     3 |    14 |    24 |    53 ||    94

Table legend: (Time is in decaauts)
 A = Elapsed time spent in this place.
 B = Non-inter-level travel time spent in this place.
 C = Inter-level travel time spent in this place.
 D = Time resting spent in this place.
 E = Time spent auto-exploring this place.
 F = Levels seen in this place.
 G = Mean time per level.
                   A        B        C        D        E       F      G
               +--------+--------+--------+--------+--------+-----+--------+
         Total |  12397 |  11294 |   1103 |    475 |   7403 |  13 |  953.6 |
       Dungeon |  11982 |  10879 |   1103 |    448 |   7299 |  11 | 1089.3 |
        Temple |     46 |     46 |      0 |      0 |     32 |   1 |   46.0 |
         Sewer |    368 |    368 |      0 |     27 |     72 |   1 |  368.0 |
               +--------+--------+--------+--------+--------+-----+--------+

Top non-repeatable levels by time:
    D:10: 1915 daAuts
     D:4: 1397 daAuts
     D:8: 1348 daAuts
     D:9: 1262 daAuts
     D:2: 1226 daAuts
     D:7: 1119 daAuts
     D:1: 1070 daAuts
     D:3: 1006 daAuts
     D:5: 830 daAuts
     D:6: 784 daAuts
   Sewer: 368 daAuts
  Temple: 46 daAuts
    D:11: 19 daAuts
